 Dungeon Crawl Stone Soup version 0.30-a0-778-g2ef04afb54 (webtiles) character file.

Game seed: 27475597168812980

184 Wobber the Changer (level 5, -1/33 HPs)
             Began as an Octopode Transmuter on Feb 16, 2023.
             Slain by an orc
             ... wielding a +0 trident
              (7 damage)
             ... on level 4 of the Dungeon.
             The game lasted 00:06:05 (2797 turns).

Wobber the Changer (Octopode Transmuter)            Turns: 2797, Time: 00:06:05

Health: -1/33      AC:  1    Str:  9    XL:     5   Next: 64%
Magic:  7/9        EV: 13    Int: 17    God:
Gold:   125        SH:  5    Dex: 13    Spells: 6/9 levels left

rFire   . . .      SeeInvis .      - Unarmed
rCold   . . .      Faith    .    (no shield)
rNeg    + . .      Spirit   .    (helmet restricted)
rPois   .          Reflect  +    i - amulet of reflection
rElec   .          Harm     .    g - ring of positive energy
rCorr   .          Rampage  .    (no ring)
Will    .....                    (no ring)
Stlth   ++                       (no ring)
HPRegen 0.25/turn                (no ring)
MPRegen 0.11/turn                (no ring)
                                 (no ring)
                                 (no ring)

@: lethally poisoned (-1 -> -2), wereblooded
A: almost no armour, amphibious, 8 rings, camouflage 1, gelatinous body 1,
(nimble swimmer 1), tentacles
a: no special abilities


You were on level 4 of the Dungeon.
You visited 1 branch of the dungeon, and saw 4 of its levels.

You collected 125 gold pieces.

Inventory:

Hand Weapons
 a - a +0 sling
Jewellery
 g - a ring of positive energy (left tentacle)
 i - an amulet of reflection (around mantle)
Scrolls
 c - a scroll of immolation {unknown}
 d - a scroll of fear
 f - a scroll of teleportation {unknown}
 k - a scroll of summoning
 m - a scroll of enchant weapon {unknown}
Potions
 b - 4 potions of curing
 e - a potion of resistance {unknown}
 h - a potion of might {unknown}
 j - a potion of lignification
 l - a potion of invisibility {unknown}


   Skills:
 - Level 1.6 Fighting
 + Level 2.9 Dodging
 - Level 3.2 Unarmed Combat
 + Level 2.7 Spellcasting
 * Level 3.4 Transmutations
 * Level 2.1 Ice Magic


You had 6 spell levels left.
You knew the following spells:

 Your Spells              Type           Power      Damage    Failure   Level
a - Beastly Appendage     Tmut           28%        N/A       4%          1
b - Wereblood             Tmut           14%        N/A       6%          2

Your spell library contained the following spells:

 Spells                   Type           Power      Damage    Failure   Level
 Spider Form              Tmut/Pois      8%         N/A       26%         3
 Ice Form                 Ice/Tmut       11%        N/A       50%         4


Dungeon Overview and Level Annotations

Branches:
Dungeon (4/15)
 Temple: D:4-7

Altars:
Cheibriados
Elyvilon


Innate Abilities, Weirdness & Mutations

You cannot wear most types of armour.
You are amphibious.
You can wear up to eight rings at the same time.
Your skin changes colour to match your surroundings (Stealth+).
Your rubbery body absorbs attacks. (AC +1, EV +1)
((You are camouflaged when in or above water. (Stealth+)))
You have tentacles for arms and can constrict up to eight enemies at once.


Message History

Your blood is infused with primal strength.
The orc misses you. The orc closely misses you.
You closely miss the orc. Your grab misses the orc. You squeeze the orc.
The orc is moderately wounded.
The orc barely misses you. The orc misses you.
You barely miss the orc. You grab the orc.
The orc is lightly wounded.
You constrict the orc, but do no damage.
The orc hits you with a +0 morningstar. The orc closely misses you.
You tentacle-slap the orc but do no damage.
The orc is lightly wounded.
You constrict the orc. The orc misses you. The orc closely misses you.
You tentacle-slap the orc.
The orc is heavily wounded.
You constrict the orc. The orc closely misses you. x2
You tentacle-slap the orc.
You feel a bit better.
You kill the orc!
You block the orc's attack. The adder closely misses you.
You miss the adder. Your grab misses the adder. Your squeeze misses the adder.
You block the adder's attack. The orc barely misses you.
You tentacle-slap the adder. Your grab misses the adder.
Your squeeze misses the adder.
The adder is severely wounded.
The adder bites you.
You are poisoned.
The adder poisons you!
You bludgeon the adder!
You feel a bit better.
You kill the adder!
You feel sick. The orc misses you.
You feel sick. The orc closely misses you.
Things that are here:
a +0 morningstar; a +0 leather armour; an orc corpse You tentacle-slap the orc.
You grab the orc.
The orc is heavily wounded.
You constrict the orc.
You feel sick. The orc hits you with a +0 trident!
* * * LOW HITPOINT WARNING * * *
You completely miss the orc. You squeeze the orc, but do no damage.
The orc is severely wounded.
You constrict the orc.
You feel sick. The orc hits you with a +0 trident!
You die...

.........
.........
g.......
........
.....#
...#
##.####
#.....###
##.###)@o#
##..#
###...#
#..##
###...#
##.## #..
##.## #
#..# ##.##
##.##
##..#


You could see an orc.

Vanquished Creatures
  Jessica (D:3)
  An orc wizard (D:4)
  4 gnolls (D:3)
  4 adders
  2 worms
  3 dart slugs (D:1)
  3 orcs
  2 endoplasms
  2 giant cockroaches (D:3)
  5 goblins
  2 hobgoblins
  A jackal (D:2)
  2 quokkas (D:1)
  3 ball pythons
  2 bats
  4 frilled lizards
  8 kobolds
  2 rats (D:1)
51 creatures vanquished.

Vanquished Creatures (others)
  3 withered plants (D:2)
3 creatures vanquished.

Grand Total: 54 creatures vanquished

Notes
Turn   | Place    | Note
-------+----------+-------------------------------------------
     0 | D:1      | Wobber the Octopode Transmuter began the quest for the Orb.
     0 | D:1      | Reached XP level 1. HP: 13/13 MP: 3/3
   246 | D:1      | Reached XP level 2. HP: 12/18 MP: 3/5
   862 | D:2      | Reached XP level 3. HP: 21/23 MP: 4/6
  1134 | D:2      | Found a snail-covered altar of Cheibriados.
  1202 | D:2      | Learned a level 2 spell: Wereblood
  1318 | D:2      | Found a faded altar of an unknown god.
  1861 | D:3      | Reached skill level 1 in Ice Magic
  1861 | D:3      | Reached XP level 4. HP: 23/28 MP: 5/7
  2029 | D:3      | Noticed Jessica
  2037 | D:3      | Killed Jessica
  2081 | D:3      | Reached XP level 5. HP: 33/33 MP: 6/8
  2646 | D:3      | Found a white marble altar of Elyvilon.
  2797 | D:4      | Slain by an orc

Illustrated notes

Levels and vault maps discovered:
D:1:      dreamdust_arrival_sigmund_warning, layout_basic,
          amcnicky_mini_rare_corridor_liquid
D:2:      cheibrodos_old_hovel, layout_basic, basic_altar,
          shapermc_ecumenical_altar_flowoftime
D:3:      minmay_angry_zag, layout_basic, lemuel_coloured_pillars_altar,
          kennysheep_generic_room_15, uniq_jessica
D:4:      layout_cave_pods, nicolae_ru_awakened_eye

Skill      XL: |  1  2  3  4  5 |
---------------+----------------+-----
Ice Magic      | 1 2 |  2.1
Transmutations | 3 |  3.4
Fighting       | |  1.6
Dodging        | |  2.9
Unarmed Combat | |  3.2
Spellcasting   | |  2.7

Action                     |  1- 3 |  4- 6 || total
---------------------------+-------+-------++-------
  Melee: Unarmed           |    82 |    62 ||   144
         Constrict         |    24 |    16 ||    40
         Tentacles         |    15 |     9 ||    24
         Kick              |    18 |    16 ||    34
         Punch             |     5 |     4 ||     9
   Cast: Beastly Appendage |    26 |    12 ||    38
         Wereblood         |     1 |     2 ||     3
    Use: Scroll            |     3 |       ||     3
   Stab: Sleeping          |     4 |     2 ||     6
 Armour: Skin              |     6 |     3 ||     9
  Dodge: Dodged            |    38 |    34 ||    72
  Block: Other             |     3 |    14 ||    17

Table legend: (Time is in decaauts)
 A = Elapsed time spent in this place.
 B = Non-inter-level travel time spent in this place.
 C = Inter-level travel time spent in this place.
 D = Time resting spent in this place.
 E = Time spent auto-exploring this place.
 F = Levels seen in this place.
 G = Mean time per level.
                   A        B        C        D        E       F      G
               +--------+--------+--------+--------+--------+-----+--------+
         Total |   2786 |   2667 |    119 |     85 |   2085 |   4 |  696.5 |
       Dungeon |   2786 |   2667 |    119 |     85 |   2085 |   4 |  696.5 |
               +--------+--------+--------+--------+--------+-----+--------+

Top non-repeatable levels by time:
     D:3: 1117 daAuts
     D:1: 794 daAuts
     D:2: 769 daAuts
     D:4: 105 daAuts
